 Dungeon Crawl Stone Soup version 0.30-b1-2-g02819fbbbe (webtiles) character file.

Game seed: 15686133592742210760

612 nightchill the Cutter (level 7, -4/38 HPs)
             Began as a Vine Stalker Berserker on Jan 9, 2024.
             Was a Follower of Trog.
             Slain by Pikel
             ... wielding a +1 whip of flaming
              (6 damage)
             ... on level 6 of the Dungeon.
             The game lasted 00:06:20 (3003 turns).

nightchill the Cutter (Vine Stalker Berserker)      Turns: 3003, Time: 00:06:21

Health: -4/38      AC:  9    Str: 21    XL:     7   Next: 44%
Magic:  0/8        EV: 10    Int:  7    God:    Trog [*.....]
Gold:   251        SH:  3    Dex: 14    Spells: 6/6 levels left

rFire   + . .        r - +0 short sword (venom)
rCold   + . .        a - +0 buckler
rNeg    . . .        i - +0 ring mail
rPois   .            (no helmet)
rElec   .            c - scarf {rC+ rF+}
rCorr   .            (no gloves)
SInv    .            (no boots)
Will    .....        (no amulet)
Stlth   +            h - +4 ring of protection
HPRegen 1.06/turn    (no ring)
MPRegen 0.11/turn

%: guardian spirit
@: on berserk cooldown, slowed, very slow
A: fangs 2, regeneration 1, magic shield, antimagic bite, no potion heal 2
a: Renounce Religion, Berserk


You were on level 6 of the Dungeon.
You worshipped Trog.
Trog was aware of your devotion.
You visited 1 branch of the dungeon, and saw 5 of its levels.

You collected 251 gold pieces.

Inventory:

Hand Weapons
 r - a +0 short sword of venom (weapon)
Missiles
 j - 2 throwing nets (quivered)
Armour
 a - a +0 buckler (worn)
 c - a scarf of resistance (worn)
 i - a +0 ring mail (worn)
Jewellery
 h - a +4 ring of protection (left hand)
Scrolls
 b - a scroll of poison {unknown}
 e - a scroll of brand weapon {unknown}
 f - 2 scrolls of identify {unknown}
 g - a scroll of noise {unknown}
 k - a scroll of enchant armour {unknown}
 m - a scroll of teleportation {unknown}
 n - a scroll of fog {unknown}
 o - a scroll of magic mapping {unknown}
 t - a scroll of fear {unknown}
Potions
 d - a potion of attraction {unknown}
 l - 2 potions of brilliance {unknown}
 p - a potion of berserk rage {unknown}
 q - a potion of haste {unknown}
 s - a potion of invisibility {unknown}


   Skills:
 + Level 4.8 Fighting
 * Level 6.4 Short Blades
 - Level 1.5 Armour
 - Level 1.5 Dodging


You had 6 spell levels left.
You didn't know any spells.
Your spell library was empty.

Dungeon Overview and Level Annotations

Branches:
Dungeon (4/15)             Temple (0/1) D:6

Altars:
Cheibriados
Nemelex Xobeh
Okawaru
Sif Muna
Uskayaw

Annotations:
D:3 2 transporters
D:6 Pikel


Innate Abilities, Weirdness & Mutations

You have extremely sharp teeth.
Your natural rate of healing is unusually fast.
When hurt, damage is shared between your health and your magic reserves.
Your bite disrupts and absorbs the magic of your enemies.
Potions cannot restore your health.


Message History

You hit Pikel.
Pikel looks as sick as possible!
Your bite misses Pikel.
Pikel is lightly wounded.
The lemure hits you but does no damage. The lemure hits you.
Pikel hits you with a +1 whip of flaming!
Pikel burns you. The lemure hits you but does no damage.
You hit Pikel but do no damage.
Pikel looks as sick as possible!
Pikel is lightly wounded.
The lemure barely misses you. The lemure hits you but does no damage.
Pikel hits you with a +1 whip of flaming.
The lemure hits you but does no damage. x2; The lemure hits you.
Pikel closely misses you. The lemure hits you.
* * * LOW HITPOINT WARNING * * *
Okay, then.
You closely miss Pikel.
Pikel is moderately wounded.
The lemure misses you. Pikel closely misses you. The lemure hits you.
* * * LOW HITPOINT WARNING * * *
The lemure hits you!
* * * LOW HITPOINT WARNING * * *
You hit Pikel. You bite Pikel, but do no damage.
Pikel is heavily wounded.
The lemure hits you but does no damage.
Pikel hits you with a +1 whip of flaming.
* * * LOW HITPOINT WARNING * * *
Pikel burns you.
* * * LOW HITPOINT WARNING * * *
The lemure barely misses you. x2
You closely miss Pikel. Your bite misses Pikel.
Pikel is heavily wounded.
The lemure hits you.
* * * LOW HITPOINT WARNING * * *
The lemure hits you.
Pikel hits you with a +1 whip of flaming.
* * * LOW HITPOINT WARNING * * *
The lemure hits you.
* * * LOW HITPOINT WARNING * * *
The lemure hits you but does no damage.
Pikel says, "You'll feel the lick of my whip!"
Pikel hits you with a +1 whip of flaming.
You die...

#.≈≈≈≈≈≈...≈≈≈≈≈≈.#.#
#.≈≈≈≈≈≈.>.≈≈≈≈≈≈...#
##.≈≈≈≈≈≈...≈≈≈≈≈≈.#.#
#..≈≈≈≈≈≈≈≈≈~≈≈≈≈≈.#.#
#...≈≈≈≈≈≈≈≈~~≈≈≈....#
#.....≈≈≈≈≈≈≈~≈.....##
#.....55≈≈≈≈≈.......#
#.....K............##
#.)####@5......>..##
#................#
##......###.######
#......##....
#............#
#$.....##....#
##...####...$# ###.
#....# ######


You could see Pikel (very poisoned) and 3 lemures.

Vanquished Creatures
  A water moccasin (D:6)
  An ice beast (D:6)
  A lemure (D:6)
  A howler monkey (D:3)
  An orc priest (D:3)
  A gnoll bouda (D:6)
  2 hounds (D:6)
  2 iguanas (D:6)
  3 orc wizards
  3 gnolls (D:6)
  3 adders
  2 ufetubi (D:6)
  4 worms
  A dart slug (D:1)
  5 orcs
  4 ball pythons
  9 endoplasms
  A giant cockroach (D:1)
  2 goblins
  3 hobgoblins
  A quokka (D:3)
  4 bats
  3 frilled lizards
  6 kobolds
  3 rats
67 creatures vanquished.

Notes
Turn   | Place    | Note
-------+----------+-------------------------------------------
     0 | D:1      | nightchill the Vine Stalker Berserker began the quest for
                  | the Orb.
     0 | D:1      | Reached XP level 1. HP: 11/11 MP: 2/2
   150 | D:1      | Reached skill level 3 in Short Blades
   150 | D:1      | Reached XP level 2. HP: 16/16 MP: 3/3
   838 | D:1      | Reached XP level 3. HP: 20/20 MP: 4/4
  1816 | D:3      | Found a snail-covered altar of Cheibriados.
  2007 | D:3      | Found a transporter.
  2038 | D:3      | Gained mutation: Your natural rate of healing is unusually
                  | fast. [Vine Stalker growth]
  2038 | D:3      | Reached XP level 4. HP: 24/24 MP: 5/5
  2072 | D:3      | Found a sparkling altar of Nemelex Xobeh.
  2190 | D:3      | Reached skill level 4 in Short Blades
  2274 | D:3      | Reached XP level 5. HP: 28/29 MP: 4/6
  2355 | D:3      | Found a transporter.
  2364 | D:3      | Found a shimmering blue altar of Sif Muna.
  2574 | D:4      | You fall into a shaft and drop 2 floors!
  2582 | D:6      | Found a hide-covered altar of Uskayaw.
  2582 | D:6      | Found an iron altar of Okawaru.
  2629 | D:6      | Reached skill level 5 in Short Blades
  2659 | D:6      | Reached XP level 6. HP: 33/33 MP: 7/7
  2692 | D:6      | Reached ** piety under Trog
  2766 | D:6      | Noticed an ice beast
  2781 | D:6      | Killed an ice beast
  2782 | D:6      | Reached skill level 6 in Short Blades
  2782 | D:6      | Reached XP level 7. HP: 38/38 MP: 8/8
  2967 | D:6      | Found a staircase to the Ecumenical Temple.
  2987 | D:6      | Noticed Pikel
  3002 | D:6      | HP: 1/38 [lemure[Pikel] (2)]
  3003 | D:6      | Slain by Pikel

Illustrated notes

Levels and vault maps discovered:
D:1:      dpeg_arrival_brainrot, layout_basic
D:2:      layout_loops_ring
D:3:      gammafunk_wand_slinger, layout_basic, nicolae_overflow_hidden_temple,
          mainiacjoe_overflow_catch_the_wave, minivault_26, minivault_26
D:4:      layout_basic, hex_intersection, minmay_pentomino_pile, uniq_sigmund
D:6:      layout_basic, gammafunk_temple_overflow_wave, temple_pool_b,
          uniq_pikel

Skill      XL: |  1  2  3  4  5  6 |
---------------+-------------------+-----
Short Blades   | 3 4 5 6 |  6.4
Fighting       | 3 4 |  4.8
Armour         | |  1.5
Dodging        | |  1.5

Action                     |  1- 3 |  4- 6 |  7- 9 || total
---------------------------+-------+-------+-------++-------
  Melee: Short sword       |   134 |   126 |    26 ||   286
         Bite              |    38 |    45 |     7 ||    90
 Invoke: Berserk           |     1 |     3 |     2 ||     6
         Trog's Hand       |       |       |     1 ||     1
 Armour: Animal skin       |     7 |       |       ||     7
         Leather armour    |     5 |       |       ||     5
         Ring mail         |    17 |    39 |    15 ||    71
  Dodge: Dodged            |    69 |    41 |    21 ||   131
  Block: Buckler           |       |     5 |     3 ||     8
